 Dungeon Crawl Stone Soup version 0.29.1-12-g30fa7ad0bf (webtiles) character file.

Game seed: 12113072826128486454

2 DoIIoM the Grave Robber (level 1, -1/11 HPs)
             Began as an Octopode Necromancer on Jan 16, 2023.
             Frozen to death by an endoplasm (4 damage)
             ... on level 1 of the Dungeon.
             The game lasted 00:00:13 (95 turns).

DoIIoM the Grave Robber (Octopode Necromancer)        Turns: 95, Time: 00:00:13

Health: -1/11      AC:  1    Str:  7    XL:     1   Next: 40%
Magic:  3/3        EV: 13    Int: 17    God:
Gold:   0          SH:  0    Dex: 12    Spells: 3/4 levels left

rFire   . . .      SeeInvis .   b - +1 mace (vorpal)
rCold   . . .      Faith    .   (no shield)
rNeg    . . .      Spirit   .   (helmet restricted)
rPois   .          Reflect  .   (no amulet)
rElec   .          Harm     .   (no ring)
rCorr   .          Rampage  .   (no ring)
Will    .....                   (no ring)
Stlth   +++.......              (no ring)
HPRegen 0.03/turn               (no ring)
MPRegen 0.08/turn               (no ring)
                                (no ring)
                                (no ring)

@: no status effects
A: almost no armour, amphibious, 8 rings, camouflage 1, gelatinous body 1,
(nimble swimmer 1), tentacles
a: no special abilities


You were on level 1 of the Dungeon.
You visited 1 branch of the dungeon, and saw 1 of its levels.

Inventory:

Hand Weapons
 b - a +1 vorpal mace (weapon)
Scrolls
 c - a scroll of teleportation {unknown}
 d - a scroll of magic mapping {unknown}
Potions
 a - a potion of magic


   Skills:
 + Level 0.2 Fighting
 - Level 2.0 Dodging
 + Level 2.8 Stealth
 + Level 2.0 Spellcasting
 + Level 4.0 Necromancy


You had 3 spell levels left.
You knew the following spells:

 Your Spells              Type           Power      Damage    Failure   Level
a - Necrotise             Necr           60%        1d7       3%          1

Your spell library contained the following spells:

 Spells                   Type           Power      Damage    Failure   Level
 Vampiric Draining        Necr           15%        2d7       11%         3
 Animate Dead             Necr           15%        N/A       36%         4
 Agony                    Necr           15%        N/A       71%         5


Dungeon Overview and Level Annotations

Branches:
Dungeon (1/15)

Altars:


Innate Abilities, Weirdness & Mutations

You cannot wear most types of armour.
You are amphibious.
You can wear up to eight rings at the same time.
Your skin changes colour to match your surroundings (Stealth+).
Your rubbery body absorbs attacks. (AC +1, EV +1)
((You are camouflaged when in or above water. (Stealth+)))
You have tentacles for arms and can constrict up to eight enemies at once.


Message History

You thump the ball python!
You kill the ball python!
No target in view!
HP restored.
A bat and an endoplasm come into view.
There are monsters nearby!
You barely miss the bat. Your grab misses the bat.
The endoplasm quivers.
The bat closely misses you. The bat hits you.
You barely miss the bat. You grab the bat. Your squeeze misses the bat.
You constrict the bat. The bat barely misses you.
The bat escapes!
You closely miss the bat. You grab the bat.
The bat is moderately wounded.
You constrict the bat. The bat hits you.
The bat escapes!
The endoplasm completely misses you.
You barely miss the bat. Your grab misses the bat.
The bat is moderately wounded.
The bat misses you. The endoplasm freezes you.
You are frozen.
You thump the bat!
You kill the bat!
The endoplasm barely misses you. The endoplasm freezes you.
You are frozen.
* * * LOW HITPOINT WARNING * * *
You are too injured to fight recklessly!
You are too injured to fight recklessly!
You are too injured to fight recklessly!
You are too injured to fight recklessly!
You are too injured to fight recklessly!
You are too injured to fight recklessly!
You are too injured to fight recklessly!
You are too injured to fight recklessly!
You are too injured to fight recklessly!
You hit the endoplasm.
The endoplasm is heavily wounded.
The endoplasm freezes you.
You are frozen.
You die...

.....# .... .... ...#
#..# #######..##
.......J†.# #@..#
#...# #...# ###...#
...#...### #........#
#.#.#..#.# # #
#.#.#..#.# #########
#.#.
#.#.#..#.####........


You could see an endoplasm.

Vanquished Creatures
  A ball python (D:1)
  A bat (D:1)
2 creatures vanquished.

Notes
Turn   | Place    | Note
-------+----------+-------------------------------------------
     0 | D:1      | DoIIoM the Octopode Necromancer began the quest for the
                  | Orb.
     0 | D:1      | Reached XP level 1. HP: 11/11 MP: 3/3
    95 | D:1      | Frozen to death by an endoplasm

Illustrated notes

Levels and vault maps discovered:
D:1:      wander_arrival_peaceful_grave, layout_loops_ring,
          shapermc_ecumenical_altar_notcrosses

Action                   || total
-------------------------++-------
Melee: Mace              ||     8
       Constrict         ||     3
       Tentacles         ||     1
Armor: Skin              ||     1
Dodge: Dodged            ||     5
